 Dungeon Crawl Stone Soup version 0.26-a0-663-g36e8fdb655 (webtiles) character file.

Game seed: 11972045391432662389

153 Descartes the Ducker (level 5, -3/22 HPs)
             Began as a Felid Transmuter on Oct 11, 2020.
             Slain by an orc
             ... wielding a +0 short sword
              (7 damage)
             ... on level 4 of the Dungeon.
             The game lasted 00:06:48 (5126 turns).

Descartes the Ducker (Felid Transmuter)             Turns: 5126, Time: 00:06:49

Health: -3/22      AC:  1    Str:  7    XL:     5   Next: 12%
Magic:  5/9        EV: 20    Int: 14    God:
Gold:   301        SH:  0    Dex: 17    Spells: 5/8 levels left
                                        Lives:  0   Deaths: 1

rFire    . . .     SeeInvis +     - Unarmed
rCold    . . .     Faith    .   (shield unavailable)
rNeg     . . .     Spirit   .   (armour unavailable)
rPois    .         Reflect  .   (helmet unavailable)
rElec    .         Harm     .   (cloak unavailable)
rCorr    .         Rampage  .   (gloves unavailable)
MR       .....                  (boots unavailable)
Stlth    +++.......             (no amulet)
HPRegen  0.07/turn              (no ring)
MPRegen  0.11/turn              (no ring)

@: appendages, wereblooded (expiring), slowed, slow
A: very small, no armour, no weapons or thrown items, stealth, claws 1, fangs 3,
horns 2, see invisible, speed 1, shaggy fur 1, sharp paws
a: End Transformation


You were on level 4 of the Dungeon.
You had grown temporary horns.
You visited 1 branch of the dungeon, and saw 4 of its levels.

You collected 301 gold pieces.

Inventory:

Missiles
 a - 68 stones
 g - 25 arrows
Scrolls
 c - 4 scrolls of identify {unknown}
 d - a scroll of remove curse {unknown}
 f - a scroll of teleportation {unknown}
 i - a scroll of random uselessness {unknown}
 j - 3 scrolls of amnesia {unknown}
 l - a scroll of immolation {unknown}
 m - a scroll of magic mapping {unknown}
 n - a scroll of enchant weapon {unknown}
Potions
 b - 3 potions of heal wounds {unknown}
 e - a potion of haste
 h - a potion of curing
 k - 3 potions of cancellation {unknown}


   Skills:
 - Level 1.0 Fighting
 + Level 4.5 Dodging
 + Level 3.7 Stealth
 + Level 4.1 Unarmed Combat
 - Level 2.0 Spellcasting
 + Level 3.8 Transmutations


You had 5 spell levels left.
You knew the following spells:

 Your Spells              Type           Power        Failure   Level
a - Beastly Appendage     Tmut           ##....       4%          1
b - Wereblood             Tmut           ##......     8%          2

Your spell library contained the following spells:

 Spells                   Type           Power        Failure   Level
 Spider Form              Tmut/Pois      #.........   32%         3
 Ice Form                 Ice/Tmut       #.......     73%         4
 Blade Hands              Tmut           ##........   80%         5


Dungeon Overview and Level Annotations

Branches:
Dungeon (4/15)
 Temple: D:4-7

Altars:
Sif Muna

Shops:
D:4 =


Innate Abilities, Weirdness & Mutations

You cannot wear armour.
You are incapable of wielding weapons or throwing items.
Your paws allow you to move quietly. (Stealth)
You have sharp claws.
You have razor-sharp teeth.
You have supernaturally acute eyesight. (SInv)
You cover ground quickly.
You are covered in fur. (AC +1)
Your sharp claws are effective at attacking unaware monsters.
You have a pair of horns on your head.


Message History

Welcome back to level 5!
You howl as the wereblood boils in your veins!
The orc closely misses you.
You barely miss the orc. The orc barely misses you.
The orc hits you but does no damage. The orc hits you with a +0 war axe.
* * * LOW HITPOINT WARNING * * *
The orc misses you.
You scratch the orc but do no damage. Your headbutt misses the orc.
The orc misses you. The orc closely misses you. The orc misses you. x2
You barely miss the orc.
Your horns disappear.
Your primal bloodlust is almost over.
The orc closely misses you. The orc completely misses you.
The orc barely misses you.
Casting: Wereblood (safe; 8% risk of failure)
Confirm with . or Enter, or press ? or * to list all spells.
You grow a pair of large bovine horns.
The orc hits you with a +0 short sword.
* * * LOW HITPOINT WARNING * * *
The orc misses you. The orc completely misses you.
The orc hits you with a +0 short sword!
You die...

..[...# ##. ...# ......#
#.. ._. . ......# #.#
... .. ......# #.# #..
.# ......# #.# ..###..#
......####.# #...$..#
......'..'.#####o.....#
......####....##o######.
.#...########..o@o......
.#.......####.##########
.#.....∩......#
+#............#
..............#
..............#
..............#
..............#
..............#


You could see 4 orcs.

Vanquished Creatures
  A scorpion (D:3)
  An orc wizard (D:4)
  3 adders
  3 gnolls (D:3)
  An ooze (D:2)
  4 worms
  5 dart slugs
  2 leopard geckos
  2 ball pythons
  10 bats
  3 giant cockroaches
  5 goblins
  9 hobgoblins
  2 jackals (D:2)
  2 quokkas
  4 frilled lizards
  6 kobolds
  11 rats
74 creatures vanquished.

Vanquished Creatures (others)
  3 plants (D:1)
3 creatures vanquished.

Grand Total: 77 creatures vanquished

Notes
Turn   | Place    | Note
-------+----------+-------------------------------------------
     0 | D:1      | Descartes the Felid Transmuter began the quest for the Orb.
     0 | D:1      | Reached XP level 1. HP: 9/9 MP: 4/4
   141 | D:1      | Reached skill level 1 in Stealth
   160 | D:1      | Reached XP level 2. HP: 12/12 MP: 4/6
   990 | D:1      | Reached XP level 3. HP: 14/15 MP: 5/7
  1338 | D:2      | Learned a level 2 spell: Wereblood
  2061 | D:2      | Reached XP level 4. HP: 19/19 MP: 6/8
  3498 | D:3      | Reached XP level 5. HP: 16/22 MP: 7/9
  3858 | D:3      | Slain by a gnoll
  3859 | D:3      | Reached XP level 4. HP: 0/19 MP: 7/8
  4999 | D:4      | Found Rysehe Popil's Jewellery Boutique.
  5106 | D:4      | Found a shimmering blue altar of Sif Muna.
  5122 | D:4      | Reached XP level 5. HP: 11/22 MP: 5/9
  5126 | D:4      | Slain by an orc

Illustrated notes

Levels and vault maps discovered:
D:1:      dpeg_arrival_water_temple_mockup, layout_loops_ring,
          serial_bayou_lake_a
D:2:      layout_basic, minivault_24, grunt_decor_clamped, minmay_hexomino_u4
D:3:      layout_basic
D:4:      layout_basic, nicolae_overflow_crystal_walls,
          overflow_temple_1_default, serial_shops, shop_coins

Skill      XL: |  1  2  3  4 |
---------------+-------------+-----
Stealth        | 1 2 3 |  3.7
Dodging        | 3 4 |  4.5
Transmutations | 3 |  3.8
Unarmed Combat | 4 |  4.1
Fighting       | |  1.0
Spellcasting   | |  2.0

Action                   |  1- 3 |  4- 6 || total
-------------------------+-------+-------++-------
Melee: Unarmed           |    96 |    85 ||   181
       Headbutt          |    13 |    11 ||    24
       Bite              |     4 |     8 ||    12
       Punch             |     1 |       ||     1
 Cast: Beastly Appendage |    33 |    26 ||    59
       Wereblood         |       |     2 ||     2
  Use: Potion            |       |     1 ||     1
 Stab: Sleeping          |     6 |     9 ||    15
       Distracted        |     1 |       ||     1
Armor: Skin              |     7 |       ||     7
Dodge: Dodged            |   104 |    50 ||   154

Table legend: (Time is in decaauts)
 A = Elapsed time spent in this place.
 B = Non-inter-level travel time spent in this place.
 C = Inter-level travel time spent in this place.
 D = Time resting spent in this place.
 E = Time spent auto-exploring this place.
 F = Levels seen in this place.
 G = Mean time per level.
                   A        B        C        D        E       F      G
               +--------+--------+--------+--------+--------+-----+--------+
         Total |   4633 |   4565 |     68 |    146 |   3817 |   4 | 1158.2 |
       Dungeon |   4633 |   4565 |     68 |    146 |   3817 |   4 | 1158.2 |
               +--------+--------+--------+--------+--------+-----+--------+

Top non-repeatable levels by time:
     D:3: 1935 daAuts
     D:1: 1390 daAuts
     D:2: 1143 daAuts
     D:4: 164 daAuts
